 Dungeon Crawl Stone Soup version 0.27.0-1-g7a089689b8 (webtiles) character file.

Game seed: 2740298785617260284

2169 Sin92 the Cleaver (level 9, -1/78 HPs)
             Began as a Minotaur Fighter on Aug 9, 2021.
             Slain by an eight-headed hydra (11 damage)
             ... on level 6 of the Dungeon.
             The game lasted 00:08:59 (6193 turns).

Sin92 the Cleaver (Minotaur Fighter)                Turns: 6193, Time: 00:08:59

Health: -1/78      AC: 11    Str: 23    XL:     9   Next: 11%
Magic:  8/8        EV: 12    Int:  5    God:
Gold:   186        SH: 16    Dex: 11    Spells: 8/8 levels left

rFire    . . .     SeeInvis .   w - +0 whip
rCold    . . .     Faith    .   c - +0 kite shield
rNeg     . . .     Spirit   .   d - +1 chain mail
rPois    .         Reflect  +   (helmet restricted)
rElec    .         Harm     .   (no cloak)
rCorr    .         Rampage  .   (no gloves)
Will     .....                  (no boots)
Stlth    ..........             q - amulet of reflection
HPRegen  0.23/turn              o - +4 ring of evasion
MPRegen  0.11/turn              (no ring)

@: no status effects
A: horns 2, retaliatory headbutt
a: no special abilities


You were on level 6 of the Dungeon.
You visited 1 branch of the dungeon, and saw 6 of its levels.
You also visited: Ossuary.

You collected 186 gold pieces.

Inventory:

Hand Weapons
 a - a +0 war axe
 e - a +6 vorpal broad axe
 w - a +0 whip (weapon)
Armour
 b - a +0 scale mail
 c - a +0 kite shield (worn)
 d - a +1 chain mail (worn)
Jewellery
 j - an amulet of guardian spirit
 o - a +4 ring of evasion (left hand)
 q - an amulet of reflection (around neck)
 v - a ring of willpower
Wands
 n - a wand of flame (14)
 u - a wand of paralysis (4)
Scrolls
 g - 2 scrolls of identify
 h - 3 scrolls of teleportation
 k - a scroll of amnesia
Potions
 f - a potion of heal wounds
 i - 3 potions of degeneration
 l - a potion of brilliance
 m - 2 potions of magic
 p - a potion of curing
 r - 2 potions of haste
 s - a potion of mutation
 t - a potion of ambrosia


   Skills:
 + Level 6.8 Fighting
 * Level 8.8 Axes
 + Level 6.8 Armour
 + Level 5.1 Dodging
 + Level 6.9 Shields


You had 8 spell levels left.
You didn't know any spells.
Your spell library contained the following spells:

 Spells                   Type           Power      Damage    Failure   Level
 Corona                   Hex            0%         N/A       100%        1
 Ensorcelled Hibernation  Hex/Ice        0%         N/A       100%        2
 Sublimation of Blood     Necr           0%         N/A       100%        2
 Wereblood                Tmut           0%         N/A       100%        2
 Tukima's Dance           Hex            0%         N/A       100%        3
 Animate Dead             Necr           0%         N/A       100%        4
 Borgnjor's Vile Clutch   Necr/Erth      0%         N/A       100%        5
 Death Channel            Necr           0%         N/A       100%        6
 Summon Hydra             Summ           0%         N/A       100%        7


Dungeon Overview and Level Annotations

Branches:
Dungeon (6/15)            Ossuary (visited)
 Temple: D:4-7

Altars:
Ashenzari
Cheibriados
Fedhas
Gozag
Qazlal
Trog
Uskayaw

Shops:
D:5 :

Annotations:
D:6 Prince Ribbit


Innate Abilities, Weirdness & Mutations

You have a pair of horns on your head.
You reflexively headbutt those who attack you in melee.


Message History

The eight-headed hydra closely misses you.
The eight-headed hydra bites you.
The eight-headed hydra bites you but does no damage.
You hit the eight-headed hydra but do no damage.
The eight-headed hydra is moderately wounded.
You block the eight-headed hydra's attack. x2
The eight-headed hydra closely misses you.
The eight-headed hydra bites you but does no damage.
The eight-headed hydra bites you.
The eight-headed hydra barely misses you.
The eight-headed hydra bites you. The eight-headed hydra misses you.
You hit the eight-headed hydra. You headbutt the eight-headed hydra.
The eight-headed hydra is moderately wounded.
You block the eight-headed hydra's attack.
The eight-headed hydra bites you but does no damage.
The eight-headed hydra bites you.
You block the eight-headed hydra's attack.
The eight-headed hydra closely misses you.
You block the eight-headed hydra's attack.
The eight-headed hydra bites you.
The eight-headed hydra bites you but does no damage.
You hit the eight-headed hydra.
The eight-headed hydra is moderately wounded.
You block the eight-headed hydra's attack.
The eight-headed hydra bites you. The eight-headed hydra bites you!
The eight-headed hydra bites you.
The eight-headed hydra closely misses you.
You block the eight-headed hydra's attack.
The eight-headed hydra misses you. x2
As you read the scroll labelled TUOFOCSO ZEHEI, it crumbles to dust.
You hear a loud clanging noise!
It was a scroll of noise.
You hear an angry hiss.
You block the eight-headed hydra's attack.
The eight-headed hydra bites you. x2
* * * LOW HITPOINT WARNING * * *
The eight-headed hydra bites you!
* * * LOW HITPOINT WARNING * * *
The eight-headed hydra bites you!
You die...

.......##.............,*****,,,,,
#####*..#..............#,,,,,,,,,
# **.................,,*,,,,,,
**#..............#***,,,,,,
#..............# *,,,,,,
*#.............# *,,,,,,
*#...........)# *,,,,,,
#.#...D......# *,,,,,, ###
#.###.@......# ******* ##.###.#
###......# ###...##.# *##...##
### #........# **### #######..
##.......# #........ #######.#
#.)...... ##.# #.).).... ## #..#
#..†..... .### #..# #........


You could see an eight-headed hydra.

Vanquished Creatures
  Sigmund (D:3)
  A water moccasin (D:5)
  An orc warrior (D:6)
  An ice beast (D:5)
  A sky beast (D:6)
  2 necrophages
  An ogre (D:5)
  Blork the orc (D:4)
  An elf zombie (Ossuary)
  3 scorpions
  A wyvern skeleton (D:6)
  5 wights (D:6)
  A centaur zombie (Ossuary)
  6 hounds
  3 jellies (D:4)
  2 human zombies (Ossuary)
  A centaur skeleton (D:5)
  2 orc wizards (D:5)
  A scorpion zombie (D:5)
  2 iguanas (D:5)
  A hound zombie (D:5)
  2 mummies (Ossuary)
  A gnoll (D:1)
  A howler monkey skeleton (D:5)
  7 adders
  A white imp (D:5)
  4 worms
  5 dart slugs
  9 orcs
  6 ball pythons
  2 bats
  11 endoplasms
  2 giant cockroaches
  6 goblins
  8 hobgoblins
  6 jackals
  12 kobolds
  3 quokkas
  2 goblin zombies (Ossuary)
  8 hobgoblin zombies (Ossuary)
  2 jackal zombies (Ossuary)
  11 kobold zombies (Ossuary)
  7 orc zombies (Ossuary)
  6 rats
  2 rat zombies (Ossuary)
162 creatures vanquished.

Vanquished Creatures (others)
  5 fungi (D:4)
  2 plants (D:5)
  6 toadstools (D:4)
13 creatures vanquished.

Grand Total: 175 creatures vanquished

Notes
Turn   | Place    | Note
-------+----------+-------------------------------------------
     0 | D:1      | Sin92 the Minotaur Fighter began the quest for the Orb.
     0 | D:1      | Reached XP level 1. HP: 19/19 MP: 0/0
   225 | D:1      | Reached XP level 2. HP: 26/27 MP: 1/1
   262 | D:1      | Reached skill level 3 in Axes
   525 | D:1      | Reached skill level 1 in Dodging
   525 | D:1      | Reached XP level 3. HP: 33/33 MP: 2/2
  1142 | D:2      | Noticed a necrophage
  1147 | D:2      | Killed a necrophage
  1148 | D:2      | Reached skill level 4 in Axes
  1148 | D:2      | Reached XP level 4. HP: 33/40 MP: 3/3
  1242 | D:2      | You fall into a shaft and drop 1 floor!
  1291 | D:3      | Found a faded altar of an unknown god.
  1457 | D:2      | Reached XP level 5. HP: 47/47 MP: 4/4
  2341 | D:3      | Noticed Sigmund
  2348 | D:3      | Killed Sigmund
  2349 | D:3      | Reached skill level 5 in Axes
  2349 | D:3      | Reached XP level 6. HP: 41/53 MP: 5/5
  2706 | D:3      | Found an opulent altar of Gozag.
  2709 | D:3      | Found a bloodstained altar of Trog.
  2717 | D:3      | Found a broken altar of Ashenzari.
  2720 | D:3      | Found a hide-covered altar of Uskayaw.
  2739 | D:3      | Found a blossoming altar of Fedhas.
  2891 | D:4      | Noticed Blork the orc
  2916 | D:4      | Reached skill level 5 in Fighting
  2916 | D:4      | Reached skill level 5 in Armour
  2916 | D:4      | Reached skill level 5 in Shields
  3234 | D:4      | Killed Blork the orc
  3235 | D:4      | Reached XP level 7. HP: 61/61 MP: 6/6
  3657 | D:4      | Reached skill level 6 in Axes
  4161 | D:5      | Entered Level 5 of the Dungeon
  4411 | D:5      | Reached XP level 8. HP: 70/70 MP: 7/7
  4421 | D:5      | Reached skill level 7 in Axes
  4486 | D:5      | Found Ahoqeim's Book Boutique.
  5324 | D:6      | Found a sand-covered staircase.
  5333 | Ossuary  | Entered an ossuary
  5480 | Ossuary  | Reached skill level 8 in Axes
  5579 | D:6      | Found a snail-covered altar of Cheibriados.
  5583 | D:6      | Found a stormy altar of Qazlal.
  5765 | D:6      | Reached skill level 5 in Dodging
  5767 | D:6      | Reached XP level 9. HP: 52/78 MP: 8/8
  5916 | D:6      | Noticed a seven-headed hydra
  5917 | D:6      | Noticed Prince Ribbit
  6193 | D:6      | Slain by an eight-headed hydra

Illustrated notes

Levels and vault maps discovered:
D:1:      lightli_arrival_lavapool, layout_loops_corners, serial_forest,
          infiniplex_forest_clump_long, infiniplex_forest_lined_room_2,
          infiniplex_forest_end_2, infiniplex_forest_clump_medium,
          infiniplex_forest_corner_1, infiniplex_forest_straight_4,
          infiniplex_forest_lined_room_2, infiniplex_forest_end_2,
          minmay_tromino_v2
D:2:      layout_basic, hex_large
D:3:      layout_loops_corners, grunt_temple_overflow_cloverleaf,
          mainiacjoe_overflow_alcove_1, ebering_ecumenical_altar_sacrificial,
          minivault_23, st_stairs_14, uniq_sigmund
D:4:      cheibrodos_fertilizer, layout_loops_ring, uniq_blork_the_orc
D:5:      layout_loops_ring, serial_shops, nicolae_shop_waterfront,
          grunt_decor_arrowhead, minivault_4, serial_bayou_pond_c
D:6:      layout_cave_pods, mainiacjoe_overflow_catwalk_spiral, enter_ossuary_1,
          uniq_prince_ribbit1

Skill      XL: |  1  2  3  4  5  6  7  8 |
---------------+-------------------------+-----
Axes           | 3 4 5 6 8 |  8.8
Dodging        | 1 2 3 5 |  5.1
Fighting       | 4 5 6 |  6.8
Armour         | 4 5 6 |  6.8
Shields        | 4 5 6 |  6.9

Action                   |  1- 3 |  4- 6 |  7- 9 || total
-------------------------+-------+-------+-------++-------
Melee: War axe           |    40 |    94 |       ||   134
       Headbutt          |     6 |    13 |    31 ||    50
       Broad axe         |       |       |   194 ||   194
       Whip              |       |       |     6 ||     6
  Use: Potion            |       |     2 |       ||     2
       Scroll            |       |     9 |    11 ||    20
Armor: Scale mail        |    14 |    23 |       ||    37
       Chain mail        |       |     1 |    59 ||    60
Dodge: Dodged            |    13 |    37 |    63 ||   113
Block: Kite shield       |    20 |    66 |   151 ||   237
       Reflection        |       |     1 |     5 ||     6
